cohdb
Replays
Latest Replays
All Replays
Popular Replays
Top Player Replays
Match Explorer
How It Works
Community
CoH3 Stats
Reddit
Sign in to upload your games and track your stats! →
Sign in with Steam
Match 42159570
Unlisted
Match 42159570
Overview
Messages
Build Orders
End
Royal Engineer Section
Selects Air and Sea Battlegroup
Selects Air and Sea Battlegroup
Construct Section Command Post
Dingo Light Scout Car
Infantry Section
Construct Platoon Command Post
Selects Supply Surplus
Infantry Section
Humber Armored Car
Construct Field Infirmary
Construct Resource Cache
Selects Commando Section Paradrop
Commando Section Paradrop
Construct Resource Cache
Construct Resource Cache
Selects M1 Pack Howitzer Paradrop
Construct Company Command Post
Crusader II Medium Tank
Grenade Package
M1 Pack Howitzer Paradrop
Selects Incendiary Bombing Run
Incendiary Bombing Run
Crusader II Medium Tank
Unlock Bishop Self-propelled Artillery
Bishop Self-propelled Artillery
Incendiary Bombing Run
incel_incinerat0r
GodFearer777xboxlive
Kostas03
trotu
0
0
Comments
sign in to comment!
No comments posted yet!